 Dungeon Crawl Stone Soup version 0.29.1-15-g9cfb28693d (webtiles) character file.

Game seed: 325660395941529274

100 Sanktem7 the Shooter (level 4, -5/34 HPs)
             Began as a Demonspawn Hunter on Mar 13, 2023.
             Slain by Sigmund
             ... wielding a +2 scythe of venom
              (8 damage)
             ... on level 2 of the Dungeon.
             The game lasted 00:04:32 (1788 turns).

Sanktem7 the Shooter (Demonspawn Hunter)            Turns: 1788, Time: 00:04:33

Health: -5/34      AC:  7    Str: 11    XL:     4   Next: 47%
Magic:  4/4        EV:  9    Int: 10    God:
Gold:   103        SH:  0    Dex: 19    Spells: 3/3 levels left

rFire   . . .      SeeInvis .   a - +0 shortbow {bow}
rCold   . . .      Faith    .   (shield currently unavailable)
rNeg    . . .      Spirit   .   e - +0 scale mail
rPois   .          Reflect  .   p - +0 hat
rElec   .          Harm     .   (no cloak)
rCorr   .          Rampage  .   d - +0 pair of gloves
Will    .....                   (no boots)
Stlth   +.........              (no amulet)
HPRegen 0.11/turn               (no ring)
MPRegen 0.18/turn               (no ring)

@: lethally poisoned (-5 -> -13)
A: powered by pain 1, magic regeneration, weakness stinger 1
a: no special abilities


You were on level 2 of the Dungeon.
You visited 1 branch of the dungeon, and saw 2 of its levels.

You collected 103 gold pieces.


Innate Abilities, Weirdness & Mutations

You sometimes gain a little power by taking damage.
You regenerate magic rapidly.
You have a small tail.


   Skills:
 + Level 2.7 Fighting
 * Level 4.4 Ranged Weapons
 + Level 2.4 Dodging
 + Level 1.9 Stealth


You had 3 spell levels left.
You didn't know any spells.
Your spell library was empty.

Inventory:

Hand Weapons
 a - a +0 shortbow (weapon) {bow}
 g - a +2 dagger of draining {short}
   (You took it off a goblin on level 1 of the Dungeon)
Missiles
 c - 41 stones {throwing}
Armour
 d - a +0 pair of gloves (worn)
   (You found it on level 1 of the Dungeon)
 e - a +0 scale mail (worn)
   (You found it on level 1 of the Dungeon)
 p - a +0 hat (worn)
   (You found it on level 2 of the Dungeon)
Scrolls
 b - a scroll of immolation {!r!r}
 i - 4 scrolls of identify {unknown}
 k - a scroll of blinking {unknown}
 o - a scroll of fear {unknown}
 r - a scroll of teleportation {unknown}
Potions
 f - a potion of lignification {unknown}
 h - a potion of heal wounds {unknown}
 j - 2 potions of curing {unknown}
 l - a potion of attraction {unknown}
 m - a potion of brilliance {unknown}
 n - a potion of degeneration {unknown}
 q - a potion of might {unknown}
 s - a potion of berserk rage {unknown}
 t - a potion of invisibility {unknown}

Dungeon Overview and Level Annotations

Branches:
Dungeon (2/15) Zot: 10121

Altars:

Annotations:
D:2 1 runed translucent door, Crazy Yiuf, Sigmund

#.##........###########..#
#.##.......## #....
#.##.#.....# #....
########.##.##.#.<####
##P..
......................
##.#
###.#.##..........###.#
##. ....#†#####.##.#{##
#.# #####.# #.##.#.# ##.#
#####.# #<##.#@# #.##
....#.# #..#.#.## #+#
###.#.# ####.#....#####
... # #.#.#
#.......#.....#### #...# #
#.#.# #.##)##...###....#
#)..# ###.#.# #†##.######
###### ##### ......#
#†##.# ###.### #.##.#
###.## #.##.#


There were no monsters in sight!


Message History

No target in view!
No target in view!
No target in view!
No target in view!
You see here a jackal corpse.
You see here a jackal corpse.
A goblin comes into view. It is wielding a +0 dagger.
A goblin is nearby!
You shoot an arrow. The arrow hits the goblin!
You kill the goblin!
No target in view!
No target in view!
No target in view!
Things that are here:
a +0 dagger {short}; a goblin corpse A jackal comes into view.
The jackal barks!
You shoot an arrow. The arrow barely misses the jackal.
A jackal is nearby!
You shoot an arrow. The arrow barely misses the jackal.
The jackal barely misses you.
You shoot an arrow. The arrow closely misses the jackal.
The jackal bites you but does no damage. x2
You shoot an arrow. The arrow hits the jackal.
The jackal bites you but does no damage.
The jackal barely misses you.
You shoot an arrow. The arrow hits the jackal!
You kill the jackal!
Sigmund the Dreaded comes into view.
He is wielding a +2 scythe of venom and wearing a +2 robe of willpower.
You shoot an arrow. The arrow closely misses Sigmund.
Sigmund shouts!
You shoot an arrow.
The arrow hits Sigmund but does no damage.
Sigmund gestures wildly while chanting.
Sigmund flickers and vanishes!
Deactivating autopickup; reactivate with Ctrl-A.
No target in view!
No target in view!
No target in view!
No target in view!
No target in view!
No target in view!
No target in view!
No target in view!
No target in view!
No target in view!
No target in view!
No target in view!
Fire: a) +0 shortbow {bow}
Press: ? - help, Q - select action, (/) - cycle Shift-Dir - straight line You shoot an arrow.
Fire: a) +0 shortbow {bow}
Press: ? - help, Q - select action, (/) - cycle Shift-Dir - straight line You shoot an arrow.
Fire: a) +0 shortbow {bow}
Press: ? - help, Q - select action, (/) - cycle Shift-Dir - straight line You shoot an arrow.
Something hits you but does no damage.
You are poisoned.
You feel very sick.
You hear some strange, mumbled words.
Something tries to affect you, but you resist. 😕 HP[-3]
You take 3 damage, and now have 31/34 hp.
Fire: a) +0 shortbow {bow}
Press: ? - help, Q - select action, (/) - cycle Shift-Dir - straight line You shoot an arrow.
You feel very sick. Something hits you but does no damage.
You are more poisoned.
Something hits you.
You are more poisoned. 😮 HP[-8]
You take 8 damage, and now have 23/34 hp.
MASSIVE DAMAGE!! (PAUSE)
You feel very sick. 😮 HP[-4]
You take 4 damage, and now have 19/34 hp.
Unknown command.
Fire: a) +0 shortbow {bow}
Press: ? - help, Q - select action, (/) - cycle Shift-Dir - straight line You shoot an arrow.
* * * LOW HITPOINT WARNING * * *
You feel very sick.
You hear some strange, mumbled words.
A puff of flame appears from out of thin air!
The puff of flame hits you!
* * * LOW HITPOINT WARNING * * *
Something hits you.
* * * LOW HITPOINT WARNING * * *
😱 HP[-13]
You take 13 damage, and now have 6/34 hp.
MASSIVE DAMAGE!! (PAUSE) Fire: a) +0 shortbow {bow}
Press: ? - help, Q - select action, (/) - cycle Shift-Dir - straight line You shoot an arrow.
* * * LOW HITPOINT WARNING * * *
You feel very sick. Something hits you!
You die...

Skill      XL: |  1  2 |
---------------+-------+-----
Stealth        | 1 |  1.9
Dodging        | 2 |  2.4
Ranged Weapons | 4 |  4.4
Fighting       | |  2.7

Action                   |  1- 3 |  4- 6 || total
-------------------------+-------+-------++-------
 Fire: Shortbow          |    94 |    53 ||   147
Armor: Leather armour    |     7 |       ||     7
       Scale mail        |    27 |    12 ||    39
Dodge: Dodged            |    46 |     9 ||    55

Levels and vault maps discovered:
D:1:      minmay_arrival_jagged, layout_loops_ring,
          chequers_serial_rivers_small_b
D:2:      layout_loops_ring, uniq_jessica, uniq_crazy_yiuf_cottage, uniq_sigmund

Notes
Turn   | Place    | Note
-------+----------+-------------------------------------------
     0 | D:1      | Sanktem7 the Demonspawn Hunter began the quest for the Orb.
     0 | D:1      | Reached XP level 1. HP: 16/16 MP: 1/1
     0 | D:1      | magus.rc [v1.9.6]
    70 | D:1      | Reached skill level 1 in Stealth
   216 | D:1      | Gained mutation: You have a small tail. [demonic ancestry]
   216 | D:1      | Reached XP level 2. HP: 22/22 MP: 2/2
   249 | D:1      | Reached skill level 2 in Dodging
   490 | D:1      | Reached skill level 4 in Ranged Weapons
   666 | D:1      | Gained mutation: You sometimes gain a little power by
                  | taking damage. [demonic ancestry]
   666 | D:1      | Reached XP level 3. HP: 28/28 MP: 3/3
   965 | D:2      | Noticed Jessica
   971 | D:2      | Killed Jessica
  1111 | D:2      | Gained mutation: You regenerate magic rapidly. [demonic
                  | ancestry]
  1111 | D:2      | Reached XP level 4. HP: 25/34 MP: 4/4
  1366 | D:2      | Found a runed translucent door.
  1367 | D:2      | Noticed Crazy Yiuf
  1778 | D:2      | Noticed Sigmund
  1787 | D:2      | HP: 8/34 [something/puff of flame (7)]
  1788 | D:2      | HP: 3/34 [poisoned by Sigmund]
  1788 | D:2      | Slain by Sigmund

Vanquished Creatures
  Jessica (D:2)
  An adder (D:2)
  A worm (D:2)
  4 dart slugs
  6 ball pythons
  2 bats
  3 endoplasms
  2 giant cockroaches (D:1)
  7 goblins
  2 hobgoblins
  7 jackals
  3 quokkas
  5 kobolds
  6 rats
50 creatures vanquished.

Table legend:
 A = Non-vault XP
 B = Vault XP
 C = Vault XP percentage of total XP
 D = Non-vault monster count
 E = Vault monster count
 F = Vault count percentage of total count
                 A         B        C        D         E       F
            +---------+---------+-------+---------+---------+-------
      Total |     107 |      37 |  25.7 |      49 |       1 |   2.0
            +---------+---------+-------+---------+---------+-------
        D:1 |      43 |       0 |   0.0 |      24 |       0 |   0.0
        D:2 |      64 |      37 |  36.6 |      25 |       1 |   3.8
            +---------+---------+-------+---------+---------+-------

Illustrated notes

Table legend:
 A = Kills in this place as a percentage of kills in entire the game.
 B = Kills by you in this place as a percentage of kills by you in the entire game.
 C = Kills by friends in this place as a percentage of kills by friends in the entire game.
 D = Other kills in this place as a percentage of other kills in the entire game.
 E = Experience gained in this place as a percentage of experience gained in the entire game.
 F = Experience gained in this place divided by the number of levels of this place that you have seen.
                   A       B       C       D       E      F
               +-------+-------+-------+-------+-------+----------------------
         Total | 100.0 | 100.0 |   N/A |   N/A | 100.0 |  72.0
       Dungeon | 100.0 | 100.0 |   N/A |   N/A | 100.0 |  72.0
               +-------+-------+-------+-------+-------+----------------------

Table legend: (Time is in decaauts)
 A = Elapsed time spent in this place.
 B = Non-inter-level travel time spent in this place.
 C = Inter-level travel time spent in this place.
 D = Time resting spent in this place.
 E = Time spent auto-exploring this place.
 F = Levels seen in this place.
 G = Mean time per level.
                   A        B        C        D        E       F      G
               +--------+--------+--------+--------+--------+-----+--------+
         Total |   1877 |   1790 |     87 |     84 |   1184 |   2 |  938.5 |
       Dungeon |   1877 |   1790 |     87 |     84 |   1184 |   2 |  938.5 |
               +--------+--------+--------+--------+--------+-----+--------+

Top non-repeatable levels by time:
     D:2: 944 daAuts
     D:1: 932 daAuts
